[Event "1000GM Memorial Day NY IM-C 2023"]
[Site "New York"]
[Date "2023.05.27"]
[Round "4.4"]
[White "Mahajan, Rushaan"]
[Black "Reiss, Aiden"]
[Result "0-1"]
[ECO "A09"]
[WhiteElo "2279"]
[BlackElo "2138"]
[Annotator "TA"]
[PlyCount "112"]
[EventDate "2023.05.23"]
[EventType "tourn"]
[EventCountry "USA"]
[SourceTitle "playchess.com"]
[Source "ChessBase"]
[SourceQuality "1"]
[TimeControl "5400+30"]

1. Nf3 d5 2. g3 Nf6 3. Bg2 g6 4. c4 dxc4 5. Qa4+ Nfd7 6. Qxc4 {[%emt 0:01:14] A09: Réti Opening: 1 Nf3 d5 2 c4.} Nc6 7. O-O {[%emt 0:16:32] [#]} (7. Ng5 $5 e6 8. Qc3 $11) 7... e5 $146 ({Predecessor:} 7... Bg7 8. d3 Nb6 9. Qc2 O-O 10. Nc3 Bg4 11. Qd1 Qc8 12. Bf4 e5 13. Bd2 Nd4 14. Nxd4 exd4 {0-1 Opitz,P (1950)-Reichenbach,E (2084) GER-ch 2014-B-V5 serv}) 8. e3 (8. d3 $11) 8... Nb6 $15 9. Qe2 Bg7 10. d4 Be6 {[%emt 0:00:00] Threatening ...Bc4.} 11. Na3 {[%emt 0:05:10] Dodges Bc4} exd4 {[%emt 0:00:00] Black is more active.} 12. Nxd4 Nxd4 13. exd4 c6 14. Bh3 Qd7 15. Bxe6 Qxe6 16. Qxe6+ fxe6 17. Be3 Rd8 18. Rfd1 Kf7 19. Nc2 Nc4 20. Bf4 Rd7 (20... Nxb2 21. Rdb1 $16) 21. b3 Nd6 22. Be5 Nf5 23. Bxg7 $1 Kxg7 24. Re1 $1 Kf7 25. Re4 $1 Rhd8 26. Rae1 Nxd4 27. Nxd4 Rxd4 28. Rxe6 $11 {[%emt 0:00:05][%mdl 4096] Endgame Threatens to win with Re7+. KRR-KRR} Rd1 29. Re7+ Kf6 30. R7e6+ Kf7 31. Kg2 Rxe1 32. Rxe1 {[%emt 0:00:01] KR-KR} Rd2 33. a4 Rd3 34. Rb1 Ke6 35. h4 c5 36. Kf1 (36. h5 $15) 36... Kd5 $17 37. Ke2 {[%emt 0:00:06] [#]} Kd4 38. f3 b6 39. g4 a6 40. h5 b5 (40... gxh5 $142 41. gxh5 b5) 41. h6 {[%emt 0:02:19] [#]} (41. hxg6 $17 {keeps fighting.} hxg6 42. f4) 41... g5 ({Black should play} 41... b4 $1 $19 42. g5 a5) 42. axb5 axb5 43. Kf2 $2 {[%emt 0:00:03][%mdl 8192] This costs White the game.} (43. Rf1 $17) 43... Kc3 $19 44. Re1 Kxb3 45. Re5 Kc4 {[%emt 0:00:00] ...b4 is the strong threat.} 46. Rxg5 $2 (46. Re4+ Rd4 47. Rxd4+ cxd4 48. f4 {[%mdl 64] Promotion}) 46... Rd6 ({And not} 46... b4 47. Rg7 b3 48. Rxh7 $14) 47. Rh5 b4 48. g5 b3 {[%emt 0:11:30] ( -> ...b2)} 49. Rh1 b2 {[%emt 0:00:00] Strongly threatening ...Kc3.} 50. f4 Kb3 {[%emt 0:00:00] Black mates.} 51. Rg1 c4 52. f5 c3 53. g6 c2 54. g7 Rd8 (54... c1=R $2 55. g8=Q+ Kc2 56. Qc4+ (56. Qxh7 $2 {is the wrong capture.} Rd2+ 57. Ke3 Rd3+ 58. Kf2 Rxg1 $19) 56... Kb1 57. Qe4+ Ka1 58. Qe5 Rxg1 59. Qxd6 $18 (59. Kxg1 Ka2 $16)) 55. Rg3+ Ka2 56. Rd3 b1=Q {[%emt 0:00:00] Weighted Error Value: White=0.62/Black=0.06 (flawless)} 0-1

[Event "1000GM Memorial Day NY IM-C 2023"]
[Site "New York"]
[Date "2023.05.27"]
[Round "4.5"]
[White "Zumsande, Martin"]
[Black "Lee, Megan"]
[Result "1/2-1/2"]
[ECO "B22"]
[WhiteElo "2454"]
[BlackElo "2261"]
[Annotator "TA"]
[PlyCount "102"]
[EventDate "2023.05.23"]
[EventType "tourn"]
[EventCountry "USA"]
[SourceTitle "playchess.com"]
[Source "ChessBase"]
[SourceQuality "1"]
[TimeControl "5400+30"]

1. e4 c5 2. Nf3 e6 3. c3 d5 4. exd5 Qxd5 5. d4 Nf6 6. Bd3 Be7 $1 {[%emt 0:00:36] The main line 6...Be7 scores better than 6...Nc6.} 7. O-O O-O 8. Qe2 Rd8 {[%emt 0:18:12] B22: Sicilian: 2 c3.} 9. Rd1 b6 {[%emt 0:06:31][%cal Rc5d4] [#]} 10. Na3 $146 ({Predecessor:} 10. Bg5 Bb7 11. c4 Qd6 12. dxc5 Qxc5 13. Nc3 Nbd7 14. Ne4 Nxe4 15. Bxe7 Qxe7 16. Bxe4 {½-½ Gaponenko,I (2420)-Muzychuk,A (2569) Wch Blitz (Women) 2018 (4)}) 10... Bd7 (10... Qh5 $11) 11. Bg5 $1 $16 Qb7 12. Nc4 {[%emt 0:09:28][%cal Od4d5] d5! would be deadly. White is much more active. The black rooks are badly placed.} cxd4 (12... Bb5 $142) 13. Nxd4 Bc6 {[%emt 0:09:15] [#]} (13... Ba4 $16 {was necessary.}) 14. Nxc6 (14. Ne5 $1 $18) 14... Nxc6 $14 15. Qf3 Qc7 (15... Rab8 $11) 16. Bf4 $16 {[%emt 0:02:09] This pair of bishops is nice.} Qc8 17. Bg3 h6 18. a4 Rd5 19. Qe2 (19. b4 $16) 19... Nh5 $14 20. Be4 (20. Qe4 $5 g6 21. Bf1 $14) 20... Nxg3 21. hxg3 Rxd1+ 22. Rxd1 {[%emt 0:00:02] Threatens to win with Qf3.} Qc7 $1 {[%emt 0:02:05] Black is weak on the light squares} 23. Bc2 Rd8 24. Rxd8+ Nxd8 25. Qd3 {[%emt 0:02:06] White wants to mate with Qh7+.} g6 26. Bb3 Nb7 27. Bc2 Nc5 28. Qd4 Bf8 29. Qf4 Qb7 30. b4 g5 31. Qd4 (31. Qf6 $5 Na6 32. Ne5 $14) 31... Nd7 32. Nd6 Bxd6 33. Qxd6 Qd5 34. Qxd5 exd5 $11 {[%emt 0:00:00][%mdl 4096] Endgame KB-KN} 35. Bb3 Nf6 36. f3 {[%emt 0:00:09] Wards off Ne4} Kf8 $1 37. Kf2 Ke7 38. Ke3 Kd6 39. Kd4 Nh5 40. Bxd5 Nxg3 (40... f5 $11) 41. Bxf7 $16 Ne2+ 42. Kc4 Ke5 43. g4 Kf4 (43... Kf6 $16) 44. Bd5 Ke3 (44... Ke5 $142) 45. Bc6 Kd2 46. a5 bxa5 $2 (46... Nxc3 $16 47. a6 Ne2) 47. bxa5 $18 Nxc3 {[%emt 0:00:06] [#]} 48. a6 $2 (48. Be8 $1 $18 Nd1 49. Kc5) 48... Ne2 $11 {[%emt 0:00:28] The position is equal.} 49. Be4 Ke3 50. Kc5 {[%emt 0:00:17] Hoping for Kc6.} Kf4 51. Kc6 {[%emt 0:00:24] Kb7 is the strong threat.} Ke5 {[%emt 0:00:00] Weighted Error Value: White=0.21 (precise) /Black=0.34} 1/2-1/2

[Event "1000GM Memorial Day NY IM-C 2023"]
[Site "New York"]
[Date "2023.05.28"]
[Round "5.1"]
[White "Lee, Megan"]
[Black "Sazci, Bilgen"]
[Result "0-1"]
[ECO "C54"]
[WhiteElo "2261"]
[BlackElo "1827"]
[Annotator "TA"]
[PlyCount "120"]
[EventDate "2023.05.23"]
[EventType "tourn"]
[EventCountry "USA"]
[SourceTitle "playchess.com"]
[Source "ChessBase"]
[SourceQuality "1"]
[TimeControl "5400+30"]

1. e4 e5 2. Nf3 Nc6 3. Bc4 Bc5 4. c3 Nf6 5. d3 d6 6. O-O a6 7. a4 {[%emt 0:00:05] C54: Giuoco Piano: 4 c3 Nf6, main lines with 5 d4 and 5 d3.} Ba7 8. Re1 O-O $1 {[%emt 0:03:28][%cal Ob7b5] The main line 8...0-0 scores better than 8...h6.} 9. Nbd2 {[%emt 0:01:39] White has an edge.} Be6 (9... Nh5 {is interesting.} 10. Nf1 Qf6 11. Bg5 Qg6) 10. b4 Re8 {[%emt 0:00:00] [#]} (10... Ng4 {with more complications.} 11. Re2 Bxc4 12. Nxc4 d5) 11. Bb2 $146 ({Predecessor:} 11. Bxe6 Rxe6 12. Nb3 h6 13. Be3 Bxe3 14. Rxe3 a5 15. b5 Ne7 16. Qc2 Ng6 17. d4 {0-1 Makoveev,I (2196)-Vokhidov,S (2401) Moscow op-A 14th 2018 (1)}) 11... Bxc4 12. Nxc4 d5 13. exd5 Qxd5 14. Ne3 $1 Bxe3 15. Rxe3 Rad8 16. Nd2 (16. c4 $11 {is superior.} Qd6 17. b5) 16... Qd7 $15 17. b5 axb5 18. axb5 Ne7 19. Nc4 (19. c4 $11) 19... e4 $17 20. d4 Qxb5 21. Qf1 {[%emt 0:00:49] White is weak on the light squares} Ned5 22. Ree1 Ra8 {[%emt 0:00:00] Prevents Ra5.} 23. Reb1 b6 {[%emt 0:00:00] Black is much more active.} 24. Ne5 (24. Bc1 $142 Qc6 25. Bd2) 24... Rxa1 25. Bxa1 Qxf1+ 26. Kxf1 Ra8 27. c4 Nf4 28. Bc3 Ne6 29. Nc6 Ne8 30. Bb4 g6 31. Re1 Ra4 {[%emt 0:00:00][%cal Oe6d4] And now ...Nxd4! would win.} 32. Rxe4 (32. d5 $15 Nc5 33. Bxc5 bxc5 34. Rxe4) 32... Nf6 33. Re3 {[%emt 0:04:36] [#]} Nxd4 $1 {[%emt 0:00:00][%mdl 576] Deflection} 34. Bc3 {[%emt 0:01:00] Wards off Ra1+} Nxc6 35. Bxf6 {[%emt 0:00:01][%cal Re3e8][%mdl 4096] Endgame KRB-KRN} Kf8 {[%emt 0:00:00] Prevents Re8+} (35... Rxc4 $2 36. Re8#) 36. Rc3 Ke8 37. g4 Kd7 38. g5 Na5 (38... Ra1+ $17 39. Ke2 Ra2+ 40. Kf3 Rd2) 39. Re3 $1 $11 Nc6 40. Rc3 Ke6 41. Re3+ $1 Kf5 42. Rf3+ Ke6 43. Re3+ Kf5 44. Rh3 $2 (44. Rf3+ $11 Ke4 45. Rc3) 44... Rxc4 $19 45. Rxh7 Ke6 46. Rh8 b5 47. Re8+ Kd7 (47... Kd5 $19 48. Rf8 Ke6 49. Re8+ Kd6) 48. Rf8 $17 Ke6 (48... Rc1+ $17 49. Ke2 Ke6) 49. Rc8 $2 (49. Re8+ $1 $11 {and White has nothing to worry.} Kd6 50. Rf8) 49... Kd7 ({Better is} 49... Kd6 $19 {...b4 would be deadly.} 50. Rf8 Ne5 51. Bxe5+ Kxe5) 50. Rf8 {[%emt 0:00:30] [#]} Ke6 (50... Rc1+ $1 $17 51. Ke2 Ke6 52. Re8+ Kf5) 51. Re8+ $19 Kd5 52. Rf8 Ne5 53. Rd8+ Ke4 54. Kg2 Rc5 55. Kg3 Kf5 56. Rd4 $2 (56. f4 Nc4 57. Be7) 56... Rc3+ 57. Kg2 {[%emt 0:00:30] Rd5 is the strong threat.} c6 {Prevents Rd5} 58. Rb4 Rc2 {White must now prevent ...Nd3.} 59. Rb3 Rc4 60. Re3 (60. Be7 {might work better.}) 60... Ng4 {[%csl LRe3,LRf6] Weighted Error Value: White=0.34/Black=0.24 (precise)} 0-1

[Event "1000GM Memorial Day NY IM-C 2023"]
[Site "New York"]
[Date "2023.05.28"]
[Round "5.2"]
[White "Reiss, Aiden"]
[Black "Zumsande, Martin"]
[Result "1/2-1/2"]
[ECO "C11"]
[WhiteElo "2138"]
[BlackElo "2454"]
[Annotator "TA"]
[PlyCount "95"]
[EventDate "2023.05.23"]
[EventType "tourn"]
[EventCountry "USA"]
[SourceTitle "playchess.com"]
[Source "ChessBase"]
[SourceQuality "1"]
[TimeControl "5400+30"]

1. e4 e6 2. d4 d5 3. Nc3 Nf6 4. e5 Nfd7 5. f4 c5 6. Nf3 Nc6 7. Be3 a6 8. Ne2 {[%emt 0:00:09] C11: French: Classical System: 4 e5 and 4 Bg5 dxe4.} Qb6 9. Qc1 f6 10. c3 {[%emt 0:00:17] White has an edge.} Be7 11. exf6 Nxf6 12. dxc5 Bxc5 13. Bxc5 Qxc5 14. Ned4 O-O 15. Bd3 Nxd4 16. Nxd4 Bd7 17. O-O Bb5 {[%emt 0:03:58] [#]} 18. Qe3 $146 ({Predecessor:} 18. Bxb5 axb5 19. a3 Ne4 20. Qe3 Rf6 21. Rf3 Raf8 22. Raf1 R8f7 23. Qe1 h5 24. Kh1 Qf8 25. Qe3 h4 26. Qe2 g5 27. fxg5 Nxg5 28. Rxf6 {½-½ Hesse,O (2450)-Haugen,A (2407) W-ch38 q02 email 2018}) 18... Bxd3 19. Qxd3 Ne4 20. Rae1 Rf6 21. Re3 Raf8 22. Ref3 Qb6 23. Kh1 $2 {[%emt 0:03:40] [#]} (23. Qe2 $11) 23... Kh8 $2 (23... Qxb2 $19 24. f5 Qd2) 24. Qe2 $11 Qd6 25. Qe3 Qb6 26. Qe2 Qc7 27. Qe3 Qc4 28. b3 Qc5 29. g4 Qd6 30. g5 R6f7 31. Ne2 Kg8 32. h4 (32. Ng3 $11) 32... g6 33. Rd1 Qc6 (33... e5 $17 {Hoping for ...Qe6.} 34. c4 exf4) 34. c4 b5 (34... h6 {is more complex.} 35. Kg1 b5 36. Qd4 Rf5) 35. cxd5 exd5 36. Qd3 Re8 ({Much worse is} 36... Qb6 37. Kh2 $15) 37. Nd4 {[%emt 0:01:16] Against Qe6} Qd7 {[%emt 0:00:34] Threatens to win with ...Qg4.} 38. Rg1 {[%emt 0:02:19] Inhibits Qg4.} (38. f5 $1 $15) 38... Ref8 ({Black should play} 38... Nd6 $17 39. Qd2 Re4) 39. f5 $1 $15 gxf5 {[%emt 0:00:07] ...f4 would be deadly.} 40. Rf4 $1 Qd6 (40... Rc8 $5 41. Nxf5 {[%mdl 64] Remove Defender} Rxf5 42. Rxe4 Rf2 $15) 41. Rgf1 {[%emt 0:01:07] The position is equal.} Qe5 42. Nc6 Qd6 43. Nd4 Qe5 44. Kg2 Nc5 45. Qg3 Ne6 46. Nxe6 Qxe6 47. Qd3 Qe5 48. R1f2 {[%emt 0:10:25] Weighted Error Value: White=0.19 (very precise) /Black=0.20 (precise)} 1/2-1/2

[Event "1000GM Memorial Day NY IM-C 2023"]
[Site "New York"]
[Date "2023.05.28"]
[Round "5.3"]
[White "Paragua, Mark"]
[Black "Mahajan, Rushaan"]
[Result "1/2-1/2"]
[WhiteElo "2442"]
[BlackElo "2279"]
[Annotator "TA"]
[PlyCount "18"]
[EventDate "2023.05.23"]
[EventType "tourn"]
[EventCountry "USA"]
[SourceTitle "playchess.com"]
[Source "ChessBase"]
[SourceQuality "1"]
[TimeControl "5400+30"]

1. Nf3 d5 2. g3 Nd7 3. d4 Nb6 4. Bg2 Bf5 5. O-O e6 6. Nbd2 {[%emt 0:01:52] D02: 1 d4 d5 2 Nf3 sidelines, including 2...Nf6 3 g3 and 2...Nf6 3 Bf4.} Be7 {[%emt 0:00:16] [#]} 7. c4 $1 c6 {[%emt 0:00:48] [#] The position is equal.} 8. c5 $146 ({Predecessor:} 8. Qb3 dxc4 9. Nxc4 Nxc4 10. Qxc4 Nf6 11. Ne5 O-O 12. Re1 h6 13. e4 Bh7 14. b3 {½-½ Gledura,B (2633)-Le,T (2542) Airthings Masters Play In rapid 2023 (4)}) 8... Nd7 9. b4 a5 {[%emt 0:02:33] Black did not feel at home in the position after the opening.   Weighted Error Value: White=0.14 (very precise) /Black=0.00 (flawless)} 1/2-1/2

[Event "1000GM Memorial Day NY IM-C 2023"]
[Site "New York"]
[Date "2023.05.28"]
[Round "5.4"]
[White "Poliannikov, Danila"]
[Black "Moor, Nathaniel Philip"]
[Result "1-0"]
[ECO "C88"]
[WhiteElo "2278"]
[BlackElo "2185"]
[Annotator "TA"]
[PlyCount "51"]
[EventDate "2023.05.23"]
[EventType "tourn"]
[EventCountry "USA"]
[SourceTitle "playchess.com"]
[Source "ChessBase"]
[SourceQuality "1"]
[TimeControl "5400+30"]

1. e4 e5 2. Nf3 Nc6 3. Bb5 a6 4. Ba4 Nf6 5. O-O Be7 6. Re1 b5 7. Bb3 O-O 8. a4 Bb7 9. d3 d6 10. Bd2 Nd7 11. Nc3 {[%emt 0:04:32] C88: Closed Ruy Lopez: Anti-Marshall Systems.} b4 (11... Nd4 $11 {deserves consideration.}) 12. Nd5 $16 Na5 13. Ba2 {[%emt 0:02:32] White has more active pieces. The black rooks are badly placed. White is better.} (13. Nxb4 Nxb3 14. cxb3 c5 $11) 13... c5 14. c3 bxc3 {[%emt 0:00:00] [#]} 15. Bxc3 $146 ({Predecessor:} 15. bxc3 Nc6 16. Be3 Nf6 17. Nxf6+ Bxf6 18. Bd5 Rb8 19. Rb1 Qc7 20. Qc2 Ba8 21. Nd2 Na5 22. Rxb8 Rxb8 23. Bxa8 Rxa8 24. Rb1 Rb8 25. h3 Bd8 {½-½ Liebert,H-Csulits,A DDR-ch16 Final 1967 (14)}) 15... Bxd5 16. Bxd5 Rb8 17. Rb1 Nf6 18. b4 cxb4 19. Bxb4 {[%emt 0:00:19] This pair of bishops is nice.} Qb6 $2 {[%emt 0:00:00] Black cannot hold the game after this.} (19... Nxd5 $14 20. exd5 f5) 20. Nxe5 $18 {[%emt 0:13:45][%mdl 64] [#] Bxf7+ would be deadly. Pin} Nxd5 (20... Qa7) 21. exd5 {[%emt 0:03:41] Black must now prevent Nd7.} (21. Nd7 Qc7 22. Bxa5 (22. exd5 Qxd7 23. Bxa5 Bf6 $14) 22... Qxd7 $14) 21... Bh4 $2 (21... Rb7 22. Qc2 Bd8) 22. g3 {[%emt 0:02:29] Nd7 is the strong threat. White is clearly winning.} dxe5 23. Bxf8 {[%emt 0:00:21][%mdl 64] Discovered Attack} ({Less strong is} 23. gxh4 Qg6+ 24. Kf1 Rxb4 25. Rxb4 Qd6 $18) 23... Nb3 24. Ba3 Bf6 25. Re2 e4 26. Rxe4 {[%emt 0:00:20] Weighted Error Value: White=0.04 (flawless) /Black=0.69} 1-0

[Event "1000GM Memorial Day NY IM-C 2023"]
[Site "New York"]
[Date "2023.05.28"]
[Round "5.5"]
[White "Nemeth, Miklos"]
[Black "Mou, Iris"]
[Result "1-0"]
[ECO "B11"]
[WhiteElo "2452"]
[BlackElo "2002"]
[Annotator "TA"]
[PlyCount "77"]
[EventDate "2023.05.23"]
[EventType "tourn"]
[EventCountry "USA"]
[SourceTitle "playchess.com"]
[Source "ChessBase"]
[SourceQuality "1"]
[TimeControl "5400+30"]

1. e4 c6 2. Nc3 d5 3. Qe2 d4 4. Nd1 c5 5. f4 Nc6 6. Nf3 {[%emt 0:00:18] Prevents e5. B11: Caro-Kann: Two Knights Variation.} Nf6 7. d3 g6 (7... e5 $5) 8. g3 {[%emt 0:03:09] The position is equal.} Bg7 (8... e5 $5) 9. Bg2 O-O (9... e5 $5) 10. O-O {[%emt 0:01:12] [#]} e6 $146 {[%emt 0:04:47] [#]} (10... e5 $11) ({Predecessor:} 10... b5 11. Nf2 Qb6 12. Nh4 Bb7 13. e5 Ne8 14. Ne4 Nb4 15. Rf2 f5 16. exf6 exf6 17. Nxc5 Bxg2 {1-0 Bauer,T (2214)-Kjartansson,G (2460) EU-ch Blitz Katowice 2021 (21)}) 11. Nf2 (11. e5 $1 $16 Nd5 12. Nf2) 11... Bd7 (11... e5 $1 $11 {remains equal.}) 12. e5 $16 Nd5 13. Ne4 b6 14. c4 dxc3 15. bxc3 Qc7 {[%emt 0:04:10] White leaves nothing to chance now.} (15... f5 $1 $14 16. exf6 Nxf6) 16. Bb2 Bc8 17. h4 {[%emt 0:04:18][%cal Bh2h4,Bh4h5][%mdl 32] White is more active.} Ba6 {[%emt 0:07:37] [#]} 18. h5 $1 c4 (18... Rad8 19. hxg6) 19. d4 ({Inferior is} 19. dxc4 Na5 $11) 19... b5 (19... Nce7 {was necessary.} 20. hxg6 fxg6) 20. hxg6 hxg6 21. Nfg5 Qe7 $2 (21... Bh6 22. Qg4 Kg7) 22. Qg4 {[%emt 0:01:59] Qh4 would be deadly.} Bh6 23. Nf6+ Kg7 (23... Nxf6 $142 24. exf6 Qxf6 25. Bxc6 Rac8) 24. Bxd5 $18 exd5 25. Nxd5 Qd8 26. Nf6 {[%emt 0:00:18] Hoping for f5. Excellent horsemanship.} Bc8 {[%emt 0:02:08] Wards off f5} 27. Qf3 {[%emt 0:01:34] White is clearly winning.} Bb7 28. Nge4 Ne7 29. g4 g5 (29... a5 $142 30. Kf2 Rh8) 30. Ba3 a5 31. Bxe7 Qxe7 32. fxg5 Bxg5 33. Qf5 Be3+ 34. Kg2 Rh8 {[%emt 0:00:39] Repels Qh7+} 35. Rh1 Qe6 36. Kf3 Qxf5+ 37. gxf5 Bh6 38. d5 {[%emt 0:00:29] White threatens Rag1+ and mate.} Kf8 39. Rag1 {[%emt 0:00:32] Ingenious play by Nemeth!   Weighted Error Value: White=0.29 (precise) /Black=0.49} 1-0

[Event "1000GM Memorial Day NY IM-C 2023"]
[Site "New York"]
[Date "2023.05.28"]
[Round "6.1"]
[White "Sazci, Bilgen"]
[Black "Mou, Iris"]
[Result "0-1"]
[ECO "D00"]
[WhiteElo "1827"]
[BlackElo "2002"]
[Annotator "RC"]
[PlyCount "80"]
[EventDate "2023.05.23"]
[EventType "tourn"]
[EventCountry "USA"]
[SourceTitle "playchess.com"]
[Source "ChessBase"]
[SourceQuality "1"]
[TimeControl "5400+30"]

1. d4 Nf6 2. Nc3 d5 3. Bf4 a6 4. e3 e6 5. Nf3 b5 6. a3 Bb7 7. b4 Nbd7 8. Bd3 Be7 9. O-O Nh5 10. Ne2 Nxf4 11. exf4 Nb6 12. c3 Nc4 13. Qc2 f5 14. Ne5 a5 15. Kh1 Qd6 16. Ng1 Qa6 17. Qe2 g6 18. a4 axb4 19. axb5 Qd6 20. Rxa8+ Bxa8 21. cxb4 Nxe5 22. fxe5 Qxb4 23. Rc1 Qxd4 24. Rxc7 Kf7 25. Nf3 Qa1+ 26. Qf1 Qxf1+ 27. Bxf1 h6 28. Nd4 Rb8 29. Ra7 Bb7 30. Nb3 d4 31. Bc4 Rc8 32. Na5 Bd5 33. b6 d3 34. Rc7 d2 35. Be2 Ra8 36. Ra7 Rc8 37. Rc7 Ra8 38. Ra7 Rxa7 39. bxa7 Bc5 40. Nc4 Bxc4 0-1

[Event "1000GM Memorial Day NY IM-C 2023"]
[Site "New York"]
[Date "2023.05.28"]
[Round "6.2"]
[White "Moor, Nathaniel Philip"]
[Black "Nemeth, Miklos"]
[Result "0-1"]
[ECO "D37"]
[WhiteElo "2185"]
[BlackElo "2452"]
[Annotator "TA"]
[PlyCount "128"]
[EventDate "2023.05.23"]
[EventType "tourn"]
[EventCountry "USA"]
[SourceTitle "playchess.com"]
[Source "ChessBase"]
[SourceQuality "1"]
[TimeControl "5400+30"]

1. Nf3 d5 2. d4 Nf6 3. c4 e6 4. Nc3 Be7 5. Bf4 O-O 6. e3 b6 7. cxd5 Nxd5 8. Nxd5 exd5 9. Bd3 c5 10. h4 {[%emt 0:05:03] [#] D37: Queen's Gambit Declined: 5 Bf4.} f5 $146 ({Predecessor:} 10... Nc6 11. Rc1 f5 12. b3 a6 13. O-O Be6 14. Bg5 h6 {1-0 Bacrot,E (2669)-Bacrot,A (2250) Marseille Christmas blitz 2019 (7)}) 11. Ne5 Bf6 12. Qh5 {[%emt 0:11:52] White is slightly better.} (12. Qf3 {simplifies} cxd4 13. exd4 Bxe5 14. dxe5 Nc6 15. O-O) 12... Bxe5 13. Bxe5 Nc6 14. O-O Nxe5 15. dxe5 Be6 16. Rfd1 Qc7 17. f4 Rad8 18. Rac1 a5 19. g4 Qd7 (19... fxg4 $2 20. Bxh7+ Kh8 21. Bg6+ Kg8 22. Qh7#) 20. gxf5 Bxf5 21. Bxf5 (21. Qg5 $11) 21... Rxf5 $15 22. Qg4 {[%emt 0:00:56] e4 would be deadly.} Qf7 23. Rc2 (23. Rf1 $15) 23... d4 (23... Rf8 $1 $17 {[%cal Od5d4] aiming for ...d4!} 24. Rg2 d4) 24. Rf2 $1 Rf8 25. exd4 cxd4 26. Rxd4 {[%emt 0:00:25] [#]} Rxe5 $1 {[%emt 0:00:59][%mdl 64] Pin} 27. Rd7 Re7 28. Rxe7 Qxe7 {[%emt 0:00:20][%mdl 4096] Endgame KQR-KQR} 29. f5 Qc5 30. Qe4 Rf6 31. Qe8+ Qf8 32. Qe5 (32. Qxf8+ {simplifies} Kxf8 33. Kg2 Kf7 34. Kg3) 32... h6 33. a3 Qf7 34. Kh2 Rc6 35. Qg3 Qf6 36. Kh3 Rc1 37. Qg6 $2 (37. Qb3+ $17 {keeps fighting.} Kh7 38. Qe6) 37... Rh1+ $19 38. Kg2 {[%emt 0:00:12] Threatening mate with Re2.} Qxg6+ ({Worse is} 38... Qxh4 39. Qe8+ Kh7 40. Qg6+ Kh8 41. Qe8+ Kh7 42. Qg6+ Kh8 43. Qe8+ Kh7 $11) (38... Rxh4 39. Qxf6 gxf6 40. Kg3 $15) 39. fxg6 Rxh4 {[%emt 0:00:00] KR-KR} 40. Kf3 Rh5 $1 {[%emt 0:00:00] And now ...Rf5+ would win.} 41. Rd2 Kf8 42. Ke4 Ke7 {[%emt 0:00:00] Wards off Rd7+} 43. Rf2 Ke6 (43... Kd6 $1 $19 {...Rg5 is the strong threat.} 44. Rf7 Re5+ 45. Kf4 Re7) 44. Rf7 $17 {[%emt 0:00:09] [#]} Re5+ (44... Rb5 $142 $1 45. Rxg7 Kf6 {[%mdl 64] Deflection}) 45. Kf4 Rb5 $1 46. b4 {[%emt 0:01:22][%mdl 8192] Black continues to play with concentration.} (46. Rxg7 $15 Kf6 47. Rc7) 46... axb4 $19 47. axb4 Rxb4+ 48. Ke3 $2 (48. Kg3 {was the only defense.}) 48... h5 ({Avoid the trap} 48... Rb3+ $2 49. Ke2 $19) 49. Rxg7 (49. Kf3 $142) 49... Kf6 50. Rg8 b5 51. Kf3 h4 {[%emt 0:00:00] Hoping for ...h3.} 52. Kf2 Rb3 53. Kf1 b4 54. Kf2 h3 55. Kg1 Kf5 56. Kh2 Kg5 {[%emt 0:00:33] ( -> ...Kh6)} 57. Kh1 {[%emt 0:00:28] [#]} Rb2 $1 58. Kg1 Kf5 $2 (58... b3 {mates} 59. g7 Kf6 60. Kh1 Rb1+ 61. Kh2 b2 62. Rb8 Kxg7 63. Rb7+ Kg6 64. Rb4 Kg7 65. Rb7+ Kg8 66. Rb5 Kh7 67. Rb7+ Kh6 68. Rb5 Kh7 69. Rb7+ Kh8 70. Rb8+ Kg7 71. Rb6 Kf7 72. Rb8 Kg7) 59. Kh1 $2 (59. g7 $19 Kf6 60. Rh8 Kxg7 61. Rxh3) 59... Kf6 {[%emt 0:00:05] Black mates.} ({Inferior is} 59... Rg2 60. g7 $11) 60. Rh8 Kxg6 61. Rxh3 Kf5 62. Kg1 b3 63. Kf1 Rb1+ 64. Kf2 b2 {[%emt 0:00:30] Weighted Error Value: White=0.58/Black=0.24 (precise)} 0-1